 Dungeon Crawl Stone Soup version 0.29.1-1-gd02db6906a (webtiles) character file.

Game seed: 14499618460755827405

1240 EvilAshe the Reanimator (level 8, -3/36 (41) HPs)
             Began as a Deep Elf Necromancer on Sept 22, 2022.
             Was an Initiate of Yredelemnul.
             Slain by a wight
             ... wielding a +2 falchion
              (5 damage)
             ... on level 6 of the Dungeon.
             The game lasted 00:19:56 (7246 turns).

EvilAshe the Reanimator (Deep Elf Necromancer)      Turns: 7246, Time: 00:19:56

HP:   -3/36 (41)    AC:  7    Str:  5    XL:     8   Next: 25%
MP:   21/21         EV: 12    Int: 23    God:    Yredelemnul [......]
Gold: 279           SH:  0    Dex: 15    Spells: 10/22 levels left

rFire   . . .      SeeInvis .   q - +0 spear
rCold   . . .      Faith    .   (no shield)
rNeg    . . .      Spirit   .   a - +0 robe
rPois   .          Reflect  .   y - +2 helmet
rElec   .          Harm     .   (no cloak)
rCorr   +          Rampage  .   w - +0 pair of gloves
Will    .....                   E - +0 pair of boots
Stlth   ++........              (no amulet)
HPRegen 0.12/turn               x - ring of resist corrosion
MPRegen 0.17/turn               (no ring)

@: mighty, heavily drained
A: no striking features
a: Renounce Religion, Recall Undead Harvest


You were on level 6 of the Dungeon.
You worshipped Yredelemnul.
Yredelemnul was noncommittal.
You visited 2 branches of the dungeon, and saw 7 of its levels.

You collected 279 gold pieces.

Inventory:

Hand Weapons
 p - a +0 halberd
 q - a +0 spear (weapon)
Missiles
 c - 2 atropa-tipped darts
 g - 65 stones (quivered)
 o - 2 throwing nets
Armour
 a - a +0 robe (worn)
 w - a +0 pair of gloves (worn)
 y - a +2 helmet (worn)
 E - a +0 pair of boots (worn)
Jewellery
 x - a ring of resist corrosion (left hand)
Wands
 l - a wand of digging (6)
 u - a wand of polymorph (12)
 B - a wand of paralysis (8)
Scrolls
 d - a scroll of summoning {unknown}
 e - a scroll of vulnerability
 j - 2 scrolls of teleportation
Potions
 b - 2 potions of magic
 f - 5 potions of lignification
 h - 2 potions of attraction
 i - 2 potions of ambrosia
 n - 2 potions of flight
 r - 3 potions of curing
 s - a potion of mutation {unknown}
 C - a potion of brilliance {unknown}
 D - a potion of haste {unknown}


   Skills:
 + Level 2.6 Dodging
 - Level 2.4 Stealth
 + Level 7.9 Spellcasting
 + Level 0.6 Conjurations
 * Level 10.7 Necromancy
 + Level 0.6 Fire Magic


You had 10 spell levels left.
You knew the following spells:

 Your Spells              Type           Power      Damage    Failure   Level
a - Necrotise             Necr           100%       1d9       1%          1
b - Vampiric Draining     Necr           56%        2d10      1%          3
c - Agony                 Necr           56%        N/A       2%          5
d - Conjure Flame         Conj/Fire      12%        6-21      16%         3

Your spell library contained the following spells:

 Spells                   Type           Power      Damage    Failure   Level
 Sublimation of Blood     Necr           56%        N/A       1%          2
 Foxfire                  Conj/Fire      48%        2x1d6     5%          1
 Inner Flame              Hex/Fire       10%        N/A       19%         3
 Flame Wave               Conj/Fire      12%        2d6       47%         4
 Petrify                  Tmut/Erth      9%         N/A       56%         4
 Irradiate                Conj/Tmut      5%         3d13      86%         5
 Dispersal                Tloc           4%         N/A       100%        6
 Disjunction              Tloc           4%         N/A       100%        8
 Animate Dead             Necr           Unusable   N/A       N/A         4

Dungeon Overview and Level Annotations

Branches:
Dungeon (6/15)             Temple (1/1) D:5

Altars:
Ashenzari
Cheibriados
Dithmenos
Elyvilon
Fedhas
Hepliaklqana
Okawaru
Trog
Wu Jian
Yredelemnul

Shops:
D:3 [

Annotations:
D:6 Eustachio


Message History

There is a stone staircase leading down here.
You climb downwards.
Level annotation: Eustachio The wight hits you but does no damage.
There is a stone staircase leading up here.
Casting: Vampiric Draining (safe; 1% risk of failure)
Confirm with . or Enter, or press ? or * to list all spells.
You can't see any susceptible monsters within range! (Use Z to cast anyway.)
You feel very mighty all of a sudden. The wight closely misses you.
You hit the wight.
The wight is moderately damaged.
The wight hits you with a +2 falchion.
You feel drained.
You hit the wight.
The wight is heavily damaged.
The wight hits you with a +2 falchion.
You feel drained. The wight closely misses you.
You hit the wight.
The wight is almost destroyed.
The wight hits you with a +2 falchion!
You feel drained.
You closely miss the wight.
The wight is almost destroyed.
The wight hits you with a +2 falchion.
You closely miss the wight.
The wight is almost destroyed.
The wight hits you with a +2 falchion.
You closely miss the wight.
The wight is almost destroyed.
The wight hits you with a +2 falchion!
* * * LOW HITPOINT WARNING * * *
You hit the wight but do no damage.
The wight is almost destroyed.
The wight hits you with a +2 falchion.
* * * LOW HITPOINT WARNING * * *
You feel drained.
You barely miss the wight.
The wight is almost destroyed.
The wight hits you with a +2 falchion.
You die...
Your body rises from the dead as a mindless zombie.

#. #.# ..### ...#
#.##.# ... #.##.#
#.# #.##.#
###.### #.##.#
#...z@# #.##.#
#.#.#.# #.##.#
#.#.#.# #.##.#
#.#.#.#
###.##.######
#.....#
#.z.zZ.......
###.###
#.#.#######..
######.######.#.#
#..
#........zZ...#.#
#z.
#......##.....#.#
#..


You could see a wight.

Vanquished Creatures
  A fire bat (D:5)
  Edmund (D:4)
  2 black bears (D:5)
  2 centaurs
  2 scorpions
  A jelly (D:6)
  2 hounds (D:4)
  Natasha (thrice) (D:1)
  An orc wizard (D:3)
  13 gnolls
  5 adders
  2 worms
  2 dart slugs
  2 orcs (D:4)
  5 ball pythons
  4 bats
  3 endoplasms
  3 giant cockroaches (D:3)
  7 goblins
  7 hobgoblins
  A quokka (D:4)
  2 frilled lizards (D:2)
  6 kobolds
  2 rats
79 creatures vanquished.

Vanquished Creatures (collateral kills)
  A hound (D:4)
  An iguana (D:5)
  A gnoll (D:4)
  3 adders
  A white imp (D:5)
  A giant cockroach (D:2)
  A ball python (D:4)
9 creatures vanquished.

Vanquished Creatures (others)
  A fire bat zombie (D:5)
  A black bear zombie (D:5)
  A scorpion zombie (D:6)
  A hound zombie (D:4)
  A goblin zombie (D:4)
  An orc zombie (D:4)
6 creatures vanquished.

Grand Total: 94 creatures vanquished

Notes
Turn   | Place    | Note
-------+----------+-------------------------------------------
     0 | D:1      | EvilAshe the Deep Elf Necromancer began the quest for the
                  | Orb.
     0 | D:1      | Reached XP level 1. HP: 10/10 MP: 6/6
   137 | D:2      | Reached skill level 5 in Necromancy
   370 | D:1      | Reached XP level 2. HP: 15/15 MP: 5/8
   824 | D:2      | Noticed Natasha
   832 | D:1      | Noticed a crimson imp
   833 | D:1      | Killed Natasha
   834 | D:1      | Reached XP level 3. HP: 3/19 MP: 2/10
  1103 | D:1      | Learned a level 3 spell: Vampiric Draining
  1276 | D:2      | Reached skill level 6 in Necromancy
  1379 | D:2      | Reached XP level 4. HP: 15/24 MP: 7/12
  1502 | D:3      | Found Soror's Armour Shoppe.
  1643 | D:1      | Noticed Natasha
  2097 | D:1      | Killed Natasha
  2328 | D:1      | Noticed Natasha
  2336 | D:1      | Killed Natasha
  2337 | D:1      | Reached XP level 5. HP: 22/28 MP: 9/14
  2667 | D:3      | Learned a level 4 spell: Animate Dead
  2817 | D:3      | Reached skill level 7 in Necromancy
  3079 | D:3      | Reached skill level 5 in Spellcasting
  3417 | D:4      | Noticed a centaur
  3855 | D:5      | Entered Level 5 of the Dungeon
  3889 | D:5      | Found a staircase to the Ecumenical Temple.
  3898 | Temple   | Entered the Ecumenical Temple
  4043 | Temple   | Became a worshipper of Yredelemnul the Dark
  4066 | D:5      | Noticed a black bear
  4104 | D:5      | Noticed a black bear
  4125 | D:5      | Noticed an ogre
  4160 | D:5      | Noticed a fire bat
  4160 | D:5      | an ogre changed into a fire bat
  4169 | D:5      | Killed a fire bat
  4170 | D:5      | Reached skill level 8 in Necromancy
  4170 | D:5      | Reached XP level 6. HP: 27/32 MP: 3/16
  4484 | D:5      | Reached * piety under Yredelemnul
  4492 | D:5      | Learned a level 5 spell: Agony
  4628 | D:5      | Found a hazy altar of Hepliaklqana.
  4679 | D:6      | Noticed Eustachio
  4837 | D:5      | Reached XP level 7. HP: 36/36 MP: 10/18
  5041 | D:5      | Reached skill level 9 in Necromancy
  6049 | D:4      | Reached skill level 10 in Necromancy
  6297 | D:4      | Noticed Edmund
  6310 | D:4      | Killed Edmund
  6311 | D:4      | Reached XP level 8. HP: 41/41 MP: 10/21
  6656 | D:4      | Learned a level 3 spell: Conjure Flame
  7246 | D:6      | Slain by a wight

Illustrated notes

Levels and vault maps discovered:
D:1:      dreamdust_arrival_beginning_and_end, layout_rooms
D:2:      wander_river, layout_basic, uniq_natasha
D:3:      layout_rooms, serial_shops, nicolae_shop_statue_plus,
          minmay_misc_feat_cross
D:4:      layout_layer_cave, hangedman_abyss_or_decor_lesser_grid, uniq_edmund
D:5:      layout_gridville, mainiacjoe_overflow_alcove_1,
          minmay_temple_entry_trees, st_stairs_9, minmay_tree_intersection
D:6:      layout_loops_ring, minmay_unpleasant_kobolds, uniq_pikel,
          uniq_crazy_yiuf_cottage, uniq_duvessa, uniq_eustachio
Temple:   mainiacjoe_temple_trianglar_array

Skill      XL: |  1  2  3  4  5  6  7 |
---------------+----------------------+-----
Necromancy     | 5 6 8 10 | 10.7
Spellcasting   | 4 5 6 7 |  7.9
Dodging        | |  2.6
Stealth        | |  2.4
Conjurations   | |  0.6
Fire Magic     | |  0.6

Action                   |  1- 3 |  4- 6 |  7- 9 || total
-------------------------+-------+-------+-------++-------
Melee: Unarmed           |     3 |       |       ||     3
       Short sword       |     4 |       |       ||     4
       Spear             |       |     9 |    18 ||    27
Throw: Stone             |     8 |       |     6 ||    14
 Cast: Necrotise         |    39 |    90 |    47 ||   176
       Vampiric Draining |       |     7 |    12 ||    19
Evoke: Wand              |       |     1 |       ||     1
  Use: Scroll            |       |     8 |     8 ||    16
       Potion            |       |       |     1 ||     1
 Stab: Sleeping          |       |     1 |       ||     1
       Distracted        |       |       |     1 ||     1
Armor: Robe              |     2 |     8 |    13 ||    23
Dodge: Dodged            |    10 |    20 |    20 ||    50
